 Dungeon Crawl Stone Soup version 0.32-a0-834-geaf45d8e21 (console) character file.

Game seed: 4650554330632041732

16 petzl the Sneak (level 2, 0/24 HPs)
             Began as a Formicid Delver on Mar 26, 2024.
             Succumbed to an adder's poison
             ... on level 4 of the Dungeon.
             The game lasted 00:03:18 (477 turns).

petzl the Sneak (Formicid Delver)                    Turns: 477, Time: 00:03:18

Health: 0/24       AC:  3    Str: 16    XL:     2   Next: 75%
Magic:  5/5        EV: 11    Int:  9    God:
Gold:   50         SH:  0    Dex: 15    Spells: 5/5 levels left

rFire   . . .        h - +0 long sword
rCold   + . .        (no shield)
rNeg    . . .        b - +0 leather armour
rPois   .            (helmet unavailable)
rElec   .            (no cloak)
rCorr   .            (no gloves)
SInv    +            (no boots)
Will    .....        (no amulet)
Stlth   +++          k - ring of protection from cold
HPRegen 0.24/turn    (no ring)
MPRegen 0.09/turn

%: no passive effects
@: lethally poisoned (0 -> -7), studying Translocations
A: permanent stasis, dig shafts and tunnels, antennae 3, four strong arms
a: Dig, Shaft Self


You were on level 4 of the Dungeon.
You visited 1 branch of the dungeon, and saw 5 of its levels.

You collected 50 gold pieces.

Inventory:

Hand Weapons
 a - a +0 mace
 h - a +0 long sword (weapon)
Armour
 b - a +0 leather armour (worn)
Magical Staves
 g - a staff of alchemy
Jewellery
 k - a ring of protection from cold (left hand)
Wands
 f - a wand of digging (3)
Scrolls
 c - a scroll of fog
 d - 2 scrolls of revelation
 e - a scroll of teleportation {unknown}
 i - a scroll of identify {unknown}
Potions
 j - a potion of lignification {unknown}


   Skills:
 - Level 3.2 Fighting
 - Level 2.0 Maces & Flails
 - Level 1.7 Dodging
 - Level 6.0 Stealth
 + Level 2.1 Spellcasting


You had 5 spell levels left.
You didn't know any spells.
Your spell library contained the following spells:

 Spells                   Type           Power      Damage    Failure   Level
 Mercury Vapours          Alch/Air       0%         N/A       52%         2
 Mephitic Cloud           Conj/Alch/Air  0%         N/A       77%         3
 Summon Ice Beast         Ice/Summ       0%         N/A       77%         3
 Freezing Cloud           Conj/Ice/Air   0%         6-21      100%        5
 Summon Mana Viper        Hex/Summ       0%         N/A       100%        5
 Monstrous Menagerie      Summ           0%         N/A       100%        7


Dungeon Overview and Level Annotations

Branches:
Dungeon (6/15)             Temple (0/1) D:5

Altars:

Annotations:
D:4 Grinder
D:5 exclusions: 2 downstairs and upstairs, Pikel


Innate Abilities, Weirdness & Mutations

You cannot be hasted, slowed, berserked, paralysed or teleported.
You can dig through walls and to a lower floor.
You have a pair of large antennae on your head. (SInv)
Your four strong arms can wield two-handed weapons with a shield.


Message History

You closely miss the adder.
The adder is lightly wounded.
You feel sick. The adder barely misses you. The adder misses you.
You miss the adder.
The adder is lightly wounded.
You feel sick. The adder misses you. The adder barely misses you.
You hit the adder.
The adder is moderately wounded.
You feel sick. The adder barely misses you. The adder bites you.
You closely miss the adder.
The adder is moderately wounded.
You feel sick.
You are no longer poisoned.
The adder misses you.
You closely miss the adder.
The adder is moderately wounded.
The adder bites you. The adder completely misses you.
You miss the adder.
The adder is moderately wounded.
The adder bites you but does no damage. x2
Okay, then.
Are you sure you want to shaft yourself?
The adder bites you.
* * * LOW HITPOINT WARNING * * *
You are poisoned.
The adder poisons you!
You begin to dig a shaft.
You continue digging a shaft.
* * * LOW HITPOINT WARNING * * *
You feel sick. The adder bites you.
* * * LOW HITPOINT WARNING * * *
You are more poisoned.
The adder poisons you! The adder barely misses you.
A shaft appears beneath you!
You fall into a shaft and drop 2 floors!
The shaft crumbles and collapses.
You hear the sound of rushing water.
There is an entrance to a sewer on this level.
Hurry and find it before the portal rusts away!
Level annotation: Grinder You hear the rusting of a very distant drain.
You die...

#...... ...
....... ..##
......# ..
...... ..$
...... # ..#
..# ... .#. ...
.. ... .# .
.... .. ..
....! . ...
.....## .## ...
.......##..
.........#
#......@.#
######........#
#.#.#....# #.
## .... #. ...
#. .. ## .


There were no monsters in sight!

Vanquished Creatures
  An adder (D:3)
  An orc (D:3)
  4 jackals (D:5)
6 creatures vanquished.

Notes
Turn   | Place    | Note
-------+----------+-------------------------------------------
     0 | D:5      | petzl the Formicid Delver began the quest for the Orb.
     0 | D:5      | Reached XP level 1. HP: 18/18 MP: 1/1
    18 | D:6      | Noticed an ogre
    65 | D:5      | Reached skill level 1 in Spellcasting
   113 | D:6      | Noticed a phantom
   124 | D:6      | Noticed a jelly
   183 | D:5      | Noticed Grinder
   271 | D:5      | Found a staircase to the Ecumenical Temple.
   274 | D:5      | Noticed a lemure
   274 | D:5      | Noticed a jelly
   278 | D:5      | Noticed a lemure
   280 | D:5      | Noticed Pikel
   321 | D:5      | Noticed a hound
   343 | D:3      | Reached XP level 2. HP: 24/24 MP: 2/4
   476 | D:2      | HP: 1/24 [adder (3)]
   477 | D:2      | You fall into a shaft and drop 2 floors!
   477 | D:4      | Succumbed to an adder's poison

Illustrated notes

Levels and vault maps discovered:
D:2:      layout_loops_corners, chequers_serial_rivers_micro_c
D:3:      layout_rooms, uniq_crazy_yiuf_cottage, uniq_terence, uniq_robin,
          uniq_ijyb
D:4:      layout_cave_pools, general_overflow_altar,
          nicolae_dithmenos_shadow_blocks, portal_sewer_entry_b,
          corexii_hall_statues_l, lightli_corner_chamber, uniq_menkaure
D:5:      layout_rooms, minmay_temple_entry_slanted, uniq_pikel, uniq_grinder
D:6:      layout_basic, nicolae_overflow_hidden_temple,
          biasface_ghost_orc_armoury

Skill      XL: |  1  2 |
---------------+-------+-----
Spellcasting   | 1 2 |  2.1
Fighting       | |  3.2
Maces & Flails | |  2.0
Dodging        | |  1.7
Stealth        | |  6.0

Action                     || total
---------------------------++-------
  Melee: Long sword        ||    18
         Mace              ||     6
Ability: Shaft Self        ||     1
    Use: Scroll            ||     1
   Stab: Sleeping          ||     1
 Armour: Leather armour    ||    23
  Dodge: Dodged            ||    24

Table legend: (Time is in decaauts)
 A = Elapsed time spent in this place.
 B = Non-inter-level travel time spent in this place.
 C = Inter-level travel time spent in this place.
 D = Time resting spent in this place.
 E = Time spent auto-exploring this place.
 F = Levels seen in this place.
 G = Mean time per level.
                   A        B        C        D        E       F      G
               +--------+--------+--------+--------+--------+-----+--------+
         Total |    485 |    485 |      0 |     74 |    133 |   5 |   97.0 |
       Dungeon |    485 |    485 |      0 |     74 |    133 |   5 |   97.0 |
               +--------+--------+--------+--------+--------+-----+--------+

Top non-repeatable levels by time:
     D:5: 275 daAuts
     D:3: 85 daAuts
     D:2: 57 daAuts
     D:6: 51 daAuts
     D:4: 15 daAuts
